 Dungeon Crawl Stone Soup version 0.28.0-53-g5a82cb258f (webtiles) character file.

Game seed: 12310220503907908542

98 LynnLen the Sneak (level 4, -3/33 HPs)
             Began as a Vampire Enchanter on Aug 21, 2022.
             Slain by an orc warrior
             ... wielding a +0 halberd
              (13 damage)
             ... on level 4 of the Dungeon.
             The game lasted 00:07:36 (2100 turns).

LynnLen the Sneak (Vampire Enchanter)               Turns: 2100, Time: 00:07:36

Health: -3/33      AC:  3    Str: 16    XL:     4   Next: 44%
Magic:  8/8        EV: 12    Int: 21    God:
Gold:   162        SH:  0    Dex: 18    Spells: 0/8 levels left

rFire   . . .      SeeInvis +   g - +3 dagger of Liulor {flame, Drain Str+9 Int+4 Dex+2}
rCold   . . .      Faith    .   (no shield)
rNeg    . . .      Spirit   .   b - +0 robe
rPois   .          Reflect  .   (no helmet)
rElec   .          Harm     .   (no cloak)
rCorr   .          Rampage  .   (no gloves)
Will    .....                   j - +0 pair of boots
Stlth   +++.......              m - amulet of magic regeneration
HPRegen 0.31/turn               (no ring)
MPRegen 0.51/turn               (no ring)

@: healing quickly, invisible
A: alive, fangs 3, see invisible, vampiric 2
a: Exsanguinate


You were on level 4 of the Dungeon.
You visited 1 branch of the dungeon, and saw 4 of its levels.

You collected 162 gold pieces.

Inventory:

Hand Weapons
 a - a +2 dagger
 g - the +3 dagger of Liulor (weapon) {flame, Drain Str+9 Int+4 Dex+2}
   (You found it on level 2 of the Dungeon)

   It burns those it strikes, dealing additional fire damage.
   Str:       It affects your strength (+9).
   Int:       It affects your intelligence (+4).
   Dex:       It affects your dexterity (+2).
   Drain:     It drains your maximum health when unequipped.
Armour
 b - a +0 robe (worn)
 j - a +0 pair of boots (worn)
Jewellery
 m - an amulet of magic regeneration (around neck)
Scrolls
 e - a scroll of identify
 i - a scroll of blinking {unknown}
 k - a scroll of enchant weapon
 l - a scroll of vulnerability {unknown}
 n - a scroll of enchant armour {unknown}
Potions
 d - 2 potions of flight
 f - a potion of haste {unknown}
 h - a potion of degeneration {unknown}


   Skills:
 + Level 1.8 Fighting
 + Level 2.4 Short Blades
 - Level 2.1 Dodging
 + Level 5.5 Stealth
 + Level 2.7 Spellcasting
 - Level 4.4 Hexes


You couldn't memorise any spells.
You knew the following spells:

 Your Spells              Type           Power      Damage    Failure   Level
a - Ensorcelled Hibernat  Hex/Ice        24%        N/A       9%          2
b - Confusing Touch       Hex            21%        N/A       7%          3
c - Tukima's Dance        Hex            21%        N/A       7%          3

Your spell library contained the following spells:

 Spells                   Type           Power      Damage    Failure   Level
 Slow                     Hex            84%        N/A       2%          1
 Foxfire                  Conj/Fire      8%         2x1d4     14%         1
 Dazzling Flash           Conj/Hex       24%        N/A       17%         3
 Inner Flame              Hex/Fire       12%        N/A       17%         3
 Conjure Flame            Conj/Fire      2%         6-21      38%         3
 Vampiric Draining        Necr           2%         2d6       38%         3
 Flame Wave               Conj/Fire      2%         2d4       80%         4


Dungeon Overview and Level Annotations

Branches:
Dungeon (4/15)
 Temple: D:4-7

Altars:
Vehumet

Shops:
D:2 *


Innate Abilities, Weirdness & Mutations

Your natural rate of healing is accelerated.
You have razor-sharp teeth.
You have supernaturally acute eyesight. (SInv)
You are afflicted with vampirism and can become a bat while bloodless.


Message History

Aim: an orc, wielding a +0 short sword (chance to affect: 63%)
The orc looks drowsy...
The orc shouts!
You hear a shout! x3; You hear an angry growl.
You hit the orc. You burn the orc.
You kill the orc!
Found a spear.
Found a stone staircase leading down.
You see here a +0 short sword.
An orc and an orc wizard come into view.
The orc wizard points at you and mumbles some strange words.
You are confused.
The orc priest shouts!
You fade into invisibility!
You bump into the rock wall.
The orc priest casts a cantrip, but nothing happens.
You bump into the rock wall.
A black bear comes into view.
You're too confused to move!
The orc warrior barely misses you.
You bump into the rock wall.
The orc warrior hits you from afar with a +0 halberd!!
Ouch! That really hurt!
You're too confused to move!
You feel less confused. The orc warrior misses you.
You barely miss the orc priest. The orc hits you with a +0 dagger.
The orc wizard gestures at the orc warrior while chanting.
The orc wizard resists with some effort.
The orc wizard shouts!
You closely miss the orc warrior.
You hear an angry growl.
The orc barely misses you.
You completely miss the orc warrior. The orc hits you with a +0 dagger.
You hit the orc priest but do no damage.
The orc barely misses you. The orc warrior completely misses you.
The orc priest barely misses you.
You catch the helpless orc priest completely off-guard!
You impale the orc priest!! You burn the orc priest.
You kill the orc priest!
The orc barely misses you.
The orc warrior hits you with a +0 halberd!
You die...

# ##.... ... ....
....###..## ..........###
.......)....#
.).....#..###
.......##.##
>......###)## ###
....=...#o@.# ...
..........o.### #.#
....ho...o....#### #.#
.##.........#....#
#####.##
o....$##..###..###...#.#.
......##.........#.#.#.#.
.........##.###..#.#.....
...###.......##..#.######
.. #.##.............#


You could see an orc warrior, a black bear (wandering), 2 orc wizards and an
orc.

Vanquished Creatures
  A hound (D:4)
  An orc priest (D:4)
  2 worms
  A dart slug (D:2)
  5 orcs
  5 endoplasms
  5 giant cockroaches
  5 goblins
  4 hobgoblins
  2 jackals
  A kobold (D:1)
  2 quokkas
  6 ball pythons
  3 bats
  4 frilled lizards
  6 rats
53 creatures vanquished.

Vanquished Creatures (others)
  4 plants (D:2)
4 creatures vanquished.

Grand Total: 57 creatures vanquished

Notes
Turn   | Place    | Note
-------+----------+-------------------------------------------
     0 | D:1      | LynnLen the Vampire Enchanter began the quest for the Orb.
     0 | D:1      | Reached XP level 1. HP: 13/13 MP: 3/3
   209 | D:1      | Reached XP level 2. HP: 15/20 MP: 5/5
   604 | D:2      | Found Vexit's Assorted Antiques.
   612 | D:2      | Reached skill level 1 in Fighting
   700 | D:1      | Learned a level 2 spell: Ensorcelled Hibernation
   704 | D:2      | Reached skill level 5 in Stealth
   704 | D:2      | Gained mutation: You are afflicted with vampirism and can
                  | become a bat while bloodless. [Vampire growth]
   704 | D:2      | Reached XP level 3. HP: 24/26 MP: 3/6
   708 | D:2      | Learned a level 3 spell: Confusing Touch
   792 | D:2      | Identified the +3 dagger of Liulor {flame, Drain Str+9
                  | Int+4 Dex+2}
   863 | D:2      | Found a radiant altar of Vehumet.
   995 | D:2      | Found a faded altar of an unknown god.
  2034 | D:4      | Noticed an orc warrior
  2050 | D:4      | Reached XP level 4. HP: 33/33 MP: 5/8
  2054 | D:4      | Learned a level 3 spell: Tukima's Dance
  2091 | D:4      | Noticed a black bear
  2100 | D:4      | Slain by an orc warrior

Illustrated notes

Levels and vault maps discovered:
D:1:      tarquinn_simple_flora_water_c, layout_rooms
D:2:      layout_rooms, basic_altar, serial_shops,
          nicolae_shop_overgrown_old_shop, hellmonk_ecumenical_altar_lost_god
D:3:      layout_basic
D:4:      layout_cave_pools, nicolae_uskayaw_murder_on_the_dancefloor,
          minmay_temple_entry_antechambers, minmay_misc_feat_ornament

Skill      XL: |  1  2  3 |
---------------+----------+-----
Fighting       | 1 |  1.8
Stealth        | 5 |  5.5
Short Blades   | 2 |  2.4
Dodging        | |  2.1
Spellcasting   | |  2.7
Hexes          | |  4.4

Action                   |  1- 3 |  4- 6 || total
-------------------------+-------+-------++-------
Melee: Dagger            |   122 |     6 ||   128
       Bite              |    15 |       ||    15
       Punch             |     2 |       ||     2
 Cast: Ensorcelled Hiber |     5 |     1 ||     6
  Use: Scroll            |     4 |       ||     4
       Potion            |       |     1 ||     1
 Stab: Sleeping          |     9 |       ||     9
       Invisible         |       |     1 ||     1
Armor: Robe              |    36 |       ||    36
Dodge: Dodged            |    93 |     7 ||   100
